Knights vs Sewer Rats
Created - December 9, 2017 at 19:50
Goals
|
Knights |
3 |
2 |
2 |
7 |
Sewer Rats |
3 |
1 |
1 |
5 |
|
Shots
|
Knights |
16 |
14 |
13 |
43 |
Sewer Rats |
10 |
6 |
13 |
29 |
|
1st period
1. Sewer Rats , Mark Mancari 14 (John Ramage 3, Richard Bachman) at 1:46
2. Knights , Ronalds Kenins 6 (Josh Bailey 8, Jacob Trouba 4) at 4:29
3. Sewer Rats , Martin Frk 3 (Jonathan Huberdeau 8, Vincent Trocheck 9) at 4:35
4. Knights , Cody Bass 9 (Josh Bailey 9, Ronalds Kenins 5) at 6:55
5. Knights , Brendan Gaunce 3 (Kevin Hayes 7, A.J. Jenks 8) at 13:49
6. Sewer Rats , Daniel Carr 9 (Nick Cousins 6, Zach Boychuk 19) at 18:58
Penalties :
Zach Boychuk (Tol) for Holding (Minor) at 9:05, Ville Leino (Tol) for Interference (Minor) at 16:35
2nd period
7. Knights , Jimmy Hayes 8 (Michael Raffl 17) at 5:36
8. Sewer Rats , Ville Leino 24 (Jarred Tinordi 7, Mark Mancari 24) at 11:06
9. Knights , Brendan Gaunce 4 (Linden Vey 5) at 17:33 (PP)
Penalties :
Jarred Tinordi (Tol) for Tripping (Minor) at 0:13, John Ramage (Tol) for Roughing (Minor) at 16:24, Linden Vey (Lon) for Tripping (Minor) at 19:25
3rd period
10. Sewer Rats , Kyle Turris 18 (Ville Leino 22, Mark Mancari 25) at 4:33 (PP)
11. Knights , Jimmy Hayes 9 (James Wright 10, Justin Falk 5) at 9:30
12. Knights , Ronalds Kenins 7 (Michael Raffl 18, Tomas Kundratek 5) at 19:53 (Empty Net)
Penalties :
Alan Quine (Lon) for Holding (Minor) at 3:35, Jarred Tinordi (Tol) for Hooking (Minor) at 13:09, Jarred Tinordi (Tol) for Roughing (Minor) at 19:07, Justin Falk (Lon) for High sticking (Minor) at 19:13
Goalie Stats
Magnus Hellberg (Lon), 24 saves from 29 shots - (0.828), W, 1-1-0, 60:00 minutes
Richard Bachman (Tol), 36 saves from 42 shots - (0.857), L, 9-6-0, 59:21 minutes
Players Stats for Knights
Player Name G A P +/- PIM S H SB GA TA FO MP PP MP PK MP
------------------------------------------------------------------------------------
A.J. Jenks 0 1 1 0 0 3 1 0 2 0 1/2 11:05 0:00 0:00
Alan Quine 0 0 0 0 2 1 0 0 0 0 1/3 10:12 0:00 0:00
Brendan Gaunce 2 0 2 0 0 3 0 0 0 0 6/12 12:16 0:56 0:14
Cody Bass 1 0 1 2 0 4 0 0 2 0 10/21 20:00 5:11 2:23
Jaccob Slavin 0 0 0 0 0 0 0 2 0 0 0/0 15:49 3:41 0:00
Jacob Trouba 0 1 1 0 0 0 3 0 0 1 0/0 21:43 3:24 0:33
James Wright 0 1 1 0 0 3 0 0 1 0 9/19 17:31 3:04 0:20
Jimmy Hayes 2 0 2 0 0 3 1 1 1 1 0/1 16:31 3:04 0:00
Jordan Martinook 0 0 0 0 0 0 4 0 0 0 0/0 11:15 1:02 0:00
Josh Bailey 0 2 2 1 0 4 1 0 1 0 1/1 17:14 5:11 0:00
Justin Falk 0 1 1 2 2 1 2 1 1 1 0/0 26:29 5:29 2:24
Kevin Hayes 0 1 1 0 0 5 0 0 0 1 0/0 11:22 0:00 0:00
Linden Vey 0 1 1 0 2 2 1 4 0 0 0/0 11:09 0:56 0:00
Michael Matheson 0 0 0 0 0 2 1 0 0 0 0/0 11:47 0:17 0:00
Michael Raffl 0 2 2 0 0 0 3 0 2 0 1/2 21:14 4:20 2:25
Ronalds Kenins 2 1 3 2 0 8 3 0 0 0 0/0 16:26 3:49 0:32
Tomas Kundratek 0 1 1 3 0 3 1 4 1 2 0/0 28:34 5:30 2:24
Zach Trotman 0 0 0 -1 0 1 0 1 1 0 0/0 15:37 0:00 0:33
Players Stats for Sewer Rats
Player Name G A P +/- PIM S H SB GA TA FO MP PP MP PK MP
------------------------------------------------------------------------------------
Connor Carrick 0 0 0 0 0 0 0 0 0 0 0/0 12:41 0:00 2:36
Daniel Carr 1 0 1 -1 0 4 0 0 1 0 0/0 8:03 0:00 1:05
Dmitrij Jaskin 0 0 0 0 0 0 1 0 0 0 0/0 6:26 0:00 0:00
Jared Boll 0 0 0 -1 0 0 2 1 0 1 0/0 12:10 0:57 0:00
Jarred Tinordi 0 1 1 -2 6 2 2 0 0 0 0/0 25:42 1:59 3:17
Joel Edmundson 0 0 0 0 0 1 1 2 0 1 0/0 18:46 0:58 3:14
John Ramage 0 1 1 0 2 0 1 1 0 2 0/0 18:19 0:58 2:48
Jonathan Huberdeau 0 1 1 1 0 3 2 0 1 0 0/1 14:19 0:00 2:07
Jonathan Marchessault 0 0 0 -1 0 1 3 0 0 0 6/12 12:10 0:57 0:00
Jonathan Racine 0 0 0 0 0 0 0 0 0 0 0/0 5:41 0:00 0:53
Kyle Turris 1 0 1 -2 0 6 1 0 1 2 11/24 21:14 2:00 2:21
Mark Mancari 1 2 3 -2 0 3 1 0 1 1 2/4 23:01 2:00 3:53
Martin Frk 1 0 1 2 0 1 0 0 0 1 0/0 10:32 0:00 0:00
Nick Cousins 0 1 1 0 0 1 2 0 0 0 3/3 8:16 0:00 0:57
Ryan Murphy 0 0 0 0 0 0 0 1 0 0 0/0 10:49 0:00 0:00
Steven Kampfer 0 0 0 -2 0 1 0 5 1 3 0/0 27:04 1:59 5:34
Ville Leino 1 1 2 -2 2 1 3 0 0 0 7/11 22:15 2:00 3:08
Vincent Trocheck 0 1 1 2 0 3 0 2 0 0 3/5 15:23 0:00 3:16
Xavier Ouellet 0 0 0 0 0 0 0 1 0 0 0/0 2:56 0:00 0:00
Zach Boychuk 0 1 1 -1 2 2 0 2 1 1 0/1 14:10 0:57 1:35
3 Stars
1 - Ronalds Kenins (Lon)
2 - Jimmy Hayes (Lon)
3 - Brendan Gaunce (Lon)
Power Play
Knights - 1 on 6 Attempt(s) - 16.67%
Sewer Rats - 1 on 3 Attempt(s) - 33.33%
Penalty Kill
Knights - 2 on 3 Attempt(s) - 66.67%
- Score 0 goal in Penalty Kill
Sewer Rats - 5 on 6 Attempt(s) - 83.33%
- Score 0 goal in Penalty Kill
Team Stat
Knights - Hits : 21 - Faceoff Wins : 29 - Blocked Shots : 13 - Penalty Minutes : 6
Sewer Rats - Hits : 19 - Faceoff Wins : 32 - Blocked Shots : 15 - Penalty Minutes : 12
Official
Referees : Watson Brad and StPierre Justin
Linesman : Scott Driscoll and Mark Wheler
Game Notes
Xavier Ouellet is injured at 10:54 of 2nd period (Lacerated Right Calf)
Ronalds Kenins has scored in a empty net!
Finance
Level 1 -- Attendance: 1433 (71.65%) -- Ticket Income $50,155
Level 2 -- Attendance: 725 (72.50%) -- Ticket Income $12,325
Total Attendance: 2158 (71.93%)
Total Ticket Income: $62,480
Other Income: $3,124
Total Income: $65,604
Knights
5 vs 5 Forward
Center Left Wing Right Wing Time % Phy DF OF
1 James Wright Michael Raffl Jimmy Hayes 37 0 0 5
2 Cody Bass Ronalds Kenins Josh Bailey 33 0 2 3
3 Brendan Gaunce A.J. Jenks Kevin Hayes 20 0 2 3
4 Alan Quine Jordan Martinook Linden Vey 10 1 2 2
5 vs 5 Defense
Defense Defense Time % Phy DF OF
1 Tomas Kundratek Justin Falk 40 0 3 2
2 Zach Trotman Jacob Trouba 30 0 3 2
3 Jaccob Slavin Michael Matheson 20 0 3 2
4 Tomas Kundratek Jacob Trouba 10 0 3 2
PowerPlay Forward
Center Left Wing Right Wing Time % Phy DF OF
1 Cody Bass Michael Raffl Josh Bailey 60 0 0 5
2 James Wright Ronalds Kenins Jimmy Hayes 40 0 0 5
PowerPlay Defense
Defense Defense Time % Phy DF OF
1 Justin Falk Tomas Kundratek 60 0 2 3
2 Jacob Trouba Jaccob Slavin 40 0 2 3
Penalty Kill 4 Players Forward
Center Wing Time % Phy DF OF
1 Cody Bass Michael Raffl 60 1 3 1
2 James Wright Ronalds Kenins 40 1 3 1
Penalty Kill 4 Players Defense
Defense Defense Time % Phy DF OF
1 Tomas Kundratek Justin Falk 60 1 4 0
2 Jacob Trouba Zach Trotman 40 1 4 0
Penalty Kill - 3 Players Forward
Forward Time % Phy DF OF
1 James Wright 60 0 4 1
2 Cody Bass 40 0 4 1
Penalty Kill - 3 Players Defense
Defense Defense Time % Phy DF OF
1 Tomas Kundratek Justin Falk 60 1 4 0
2 Jacob Trouba Zach Trotman 40 1 4 0
4 vs 4 Forward
Center Wing Time % Phy DF OF
1 James Wright Michael Raffl 60 1 2 2
2 Cody Bass Kevin Hayes 40 1 2 2
4 vs 4 Defense
Defense Defense Time % Phy DF OF
1 Justin Falk Tomas Kundratek 60 1 2 2
2 Zach Trotman Jacob Trouba 40 1 2 2
Last Minutes Offensive
Center Left Wing Right Wing Defense Defense
James Wright Michael Raffl Josh Bailey Tomas Kundratek Justin Falk
Last Minutes Defensive
Center Left Wing Right Wing Defense Defense
Cody Bass Michael Raffl Kevin Hayes Tomas Kundratek Justin Falk
Goaltenders
Starting : Magnus Hellberg
Backup : Ben Scrivens
Extra Forwards
Normal : Cody Bass, Michael Raffl, James Wright - PP : Michael Raffl, James Wright - PK : Michael Raffl
Extra Defensemen
Normal : Justin Falk, Jacob Trouba, Tomas Kundratek - PP : Jacob Trouba - PK : Jacob Trouba, Tomas Kundratek
Penalty Shots
Kevin Hayes, James Wright, Cody Bass, Michael Raffl, Josh Bailey
Scratches
Jordan Weal (Healthy), Collin Miller (Healthy), Matt Puempel (Healthy), David Shields (Healthy), Matthew Benning (Healthy)
Matt Grzelcyk (Healthy), Brett Connolly (Healthy), Travis Boyd (Healthy), Scott Jackson (Healthy), Tom Wilson (Healthy)
Nikita Nikitin (Healthy), Connor Knapp (Healthy)
Sewer Rats
5 vs 5 Forward
Center Left Wing Right Wing Time % Phy DF OF
1 Kyle Turris Ville Leino Mark Mancari 40 1 2 2
2 Jonathan Marchessault Zach Boychuk Jared Boll 30 1 2 2
3 Vincent Trocheck Jonathan Huberdeau Martin Frk 20 1 2 2
4 Nick Cousins Daniel Carr Dmitrij Jaskin 10 1 2 2
5 vs 5 Defense
Defense Defense Time % Phy DF OF
1 Steven Kampfer Jarred Tinordi 40 1 2 2
2 Joel Edmundson John Ramage 30 1 2 2
3 Ryan Murphy Connor Carrick 20 1 2 2
4 Jonathan Racine Xavier Ouellet 10 1 2 2
PowerPlay Forward
Center Left Wing Right Wing Time % Phy DF OF
1 Kyle Turris Ville Leino Mark Mancari 60 1 2 2
2 Jonathan Marchessault Zach Boychuk Jared Boll 40 1 2 2
PowerPlay Defense
Defense Defense Time % Phy DF OF
1 Steven Kampfer Jarred Tinordi 60 1 2 2
2 Joel Edmundson John Ramage 40 1 2 2
Penalty Kill 4 Players Forward
Center Wing Time % Phy DF OF
1 Ville Leino Mark Mancari 60 1 2 2
2 Zach Boychuk Kyle Turris 40 1 2 2
Penalty Kill 4 Players Defense
Defense Defense Time % Phy DF OF
1 Steven Kampfer Jarred Tinordi 60 1 2 2
2 Joel Edmundson John Ramage 40 1 2 2
Penalty Kill - 3 Players Forward
Forward Time % Phy DF OF
1 Ville Leino 60 1 2 2
2 Mark Mancari 40 1 2 2
Penalty Kill - 3 Players Defense
Defense Defense Time % Phy DF OF
1 Steven Kampfer Jarred Tinordi 60 1 2 2
2 Joel Edmundson John Ramage 40 1 2 2
4 vs 4 Forward
Center Wing Time % Phy DF OF
1 Ville Leino Mark Mancari 60 1 2 2
2 Zach Boychuk Kyle Turris 40 1 2 2
4 vs 4 Defense
Defense Defense Time % Phy DF OF
1 Steven Kampfer Jarred Tinordi 60 1 2 2
2 Joel Edmundson John Ramage 40 1 2 2
Last Minutes Offensive
Center Left Wing Right Wing Defense Defense
Kyle Turris Ville Leino Mark Mancari Steven Kampfer Jarred Tinordi
Last Minutes Defensive
Center Left Wing Right Wing Defense Defense
Kyle Turris Ville Leino Mark Mancari Steven Kampfer Jarred Tinordi
Goaltenders
Starting : Richard Bachman
Backup : Marek Mazanek
Extra Forwards
Normal : Jonathan Huberdeau, Daniel Carr, Vincent Trocheck - PP : Jonathan Huberdeau, Daniel Carr - PK : Vincent Trocheck
Extra Defensemen
Normal : Ryan Murphy, Connor Carrick, Jonathan Racine - PP : Ryan Murphy - PK : Connor Carrick, Jonathan Racine
Penalty Shots
Ville Leino, Mark Mancari, Zach Boychuk, Kyle Turris, Jared Boll
Scratches
William Karlsson (Sprained Left Finger Injury), Mattias Ekholm (Abdominal Strain Injury), Josh Archibald (Healthy), Xavier Ouellet (Lacerated Right Calf Injury), Joseph Blandisi (Healthy)
Chris Calhan (Healthy), Tom Sestito (Healthy)
% Time on Ice - Knights
Lines # - Real PCT - Wanted PCT - Time Play
Normal Forward
1 - 29% - 37% - 13:33
2 - 26% - 33% - 11:58
3 - 24% - 20% - 11:05
4 - 22% - 10% - 10:13
Normal Defense
1 - 39% - 40% - 18:19
2 - 34% - 30% - 16:06
3 - 24% - 20% - 11:06
4 - 3% - 10% - 1:18
PP Forward
1 - 67% - 60% - 6:07
2 - 33% - 40% - 3:04
PP Defense
1 - 60% - 60% - 5:30
2 - 40% - 40% - 3:41
PK Forward
1 - 89% - 60% - 2:37
2 - 11% - 40% - 0:20
PK Defense
1 - 81% - 60% - 2:24
2 - 19% - 40% - 0:33
PK3 Forward
1 - 0% - 60%
2 - 0% - 40%
PK3 Defense
1 - 0% - 60%
2 - 0% - 40%
44 Forward
1 - 100% - 60% - 0:46
2 - 0% - 40% - 0:00
44 Defense
1 - 100% - 60% - 0:46
2 - 0% - 40% - 0:00
Last Minute Offensive - 0:00
Last Minute Defensive - 0:17
Total
Forward - 60:00
Defense - 60:00
|
% Time on Ice - Sewer Rats
Lines # - Real PCT - Wanted PCT - Time Play
Normal Forward
1 - 39% - 40% - 18:12
2 - 25% - 30% - 11:39
3 - 22% - 20% - 10:32
4 - 14% - 10% - 6:26
Normal Defense
1 - 40% - 40% - 18:37
2 - 31% - 30% - 14:25
3 - 20% - 20% - 9:11
4 - 10% - 10% - 4:36
PP Forward
1 - 68% - 60% - 2:00
2 - 32% - 40% - 0:57
PP Defense
1 - 67% - 60% - 1:59
2 - 33% - 40% - 0:58
PK Forward
1 - 76% - 60% - 6:59
2 - 24% - 40% - 2:12
PK Defense
1 - 63% - 60% - 5:46
2 - 37% - 40% - 3:25
PK3 Forward
1 - 0% - 60%
2 - 0% - 40%
PK3 Defense
1 - 0% - 60%
2 - 0% - 40%
44 Forward
1 - 100% - 60% - 0:46
2 - 0% - 40% - 0:00
44 Defense
1 - 80% - 60% - 0:37
2 - 20% - 40% - 0:09
Last Minute Offensive - 0:17
Last Minute Defensive - 0:00
Total
Forward - 60:00
Defense - 60:00
|
Play by Play
1st period
0:01 of 1st period - Kyle Turris wins face-off versus James Wright in neutral zone.
0:33 of 1st period - Snap shot by James Wright.
0:33 of 1st period - Shot Blocked by Steven Kampfer.
0:39 of 1st period - Slapshot by James Wright.
0:39 of 1st period - Stopped by Richard Bachman with a rebound.
0:41 of 1st period - Snap shot by Jimmy Hayes.
0:41 of 1st period - Deflect By Michael Raffl.
0:41 of 1st period - Shot Misses the Net.
0:41 of 1st period - Puck is out of play.
0:42 of 1st period - Josh Bailey wins face-off versus Jonathan Marchessault in Sewer Rats zone.
0:55 of 1st period - Snap shot by Josh Bailey.
0:55 of 1st period - Shot Misses the Net.
1:09 of 1st period - A.J. Jenks is hit by Nick Cousins and loses puck.
1:16 of 1st period - Daniel Carr is hit by Jacob Trouba.
1:30 of 1st period - Snap shot by Linden Vey.
1:30 of 1st period - Stopped by Richard Bachman with a rebound.
1:32 of 1st period - Slapshot by Tomas Kundratek.
1:32 of 1st period - Shot Blocked by John Ramage.
1:34 of 1st period - Wrist shot by Linden Vey.
1:34 of 1st period - Shot Misses the Net.
1:46 of 1st period - Wrist shot by Mark Mancari.
1:46 of 1st period - Goal by Mark Mancari - Knights : 0 - Sewer Rats : 1.
1:47 of 1st period - Cody Bass wins face-off versus Jonathan Marchessault in neutral zone.
1:52 of 1st period - Snap shot by Josh Bailey.
1:52 of 1st period - Stopped by Richard Bachman with a rebound.
1:54 of 1st period - Wrist shot by Justin Falk.
1:54 of 1st period - Deflect By Ronalds Kenins.
1:54 of 1st period - Shot Hit the Post.
1:54 of 1st period - Puck is out of play.
1:55 of 1st period - Jonathan Marchessault wins face-off versus Cody Bass in Sewer Rats zone.
2:19 of 1st period - Off-side.
2:20 of 1st period - James Wright wins face-off versus Kyle Turris in neutral zone.
2:53 of 1st period - Wrist shot by Kevin Hayes.
2:53 of 1st period - Shot Misses the Net.
3:03 of 1st period - Icing by Kevin Hayes.
3:04 of 1st period - Kyle Turris wins face-off versus Brendan Gaunce in Knights zone.
3:15 of 1st period - Snap shot by Ville Leino.
3:15 of 1st period - Shot Blocked by Tomas Kundratek.
3:17 of 1st period - Slapshot by Ville Leino.
3:17 of 1st period - Shot Misses the Net.
3:19 of 1st period - Wrist shot by Ville Leino.
3:19 of 1st period - Shot Misses the Net.
3:34 of 1st period - Icing by Zach Boychuk.
3:35 of 1st period - Jonathan Marchessault wins face-off versus James Wright in Sewer Rats zone.
3:42 of 1st period - Slapshot by Jared Boll.
3:42 of 1st period - Shot Misses the Net.
3:44 of 1st period - Wrist shot by Jonathan Marchessault.
3:44 of 1st period - Stopped by Magnus Hellberg with a rebound.
4:06 of 1st period - Wrist shot by Mark Mancari.
4:06 of 1st period - Stopped by Magnus Hellberg without a rebound.
4:07 of 1st period - Kyle Turris wins face-off versus Cody Bass in Knights zone.
4:08 of 1st period - Wrist shot by Ville Leino.
4:08 of 1st period - Deflect By Kyle Turris.
4:08 of 1st period - Stopped by Magnus Hellberg with a rebound.
4:27 of 1st period - Snap shot by Josh Bailey.
4:27 of 1st period - Deflect By Ronalds Kenins.
4:27 of 1st period - Stopped by Richard Bachman with a rebound.
4:29 of 1st period - Slapshot by Ronalds Kenins.
4:29 of 1st period - Goal by Ronalds Kenins - Knights : 1 - Sewer Rats : 1.
4:30 of 1st period - Vincent Trocheck wins face-off versus James Wright in neutral zone.
4:35 of 1st period - Snap shot by Martin Frk.
4:35 of 1st period - Deflect By Jimmy Hayes.
4:35 of 1st period - Goal by Martin Frk - Knights : 1 - Sewer Rats : 2.
4:36 of 1st period - Nick Cousins wins face-off versus James Wright in neutral zone.
4:39 of 1st period - Snap shot by Daniel Carr.
4:39 of 1st period - Stopped by Magnus Hellberg without a rebound.
4:40 of 1st period - Nick Cousins wins face-off versus James Wright in Knights zone.
4:41 of 1st period - Wrist shot by Daniel Carr.
4:41 of 1st period - Shot Misses the Net.
6:19 of 1st period - Slapshot by Nick Cousins.
6:19 of 1st period - Stopped by Magnus Hellberg with a rebound.
6:53 of 1st period - Snap shot by Ronalds Kenins.
6:53 of 1st period - Deflect By Josh Bailey.
6:53 of 1st period - Stopped by Richard Bachman with a rebound.
6:55 of 1st period - Snap shot by Cody Bass.
6:55 of 1st period - Goal by Cody Bass - Knights : 2 - Sewer Rats : 2.
6:56 of 1st period - James Wright wins face-off versus Jonathan Marchessault in neutral zone.
6:59 of 1st period - Slapshot by James Wright.
6:59 of 1st period - Shot Misses the Net.
7:11 of 1st period - Snap shot by Michael Raffl.
7:11 of 1st period - Shot Misses the Net.
7:21 of 1st period - Jonathan Racine is hit by Tomas Kundratek and loses puck.
7:28 of 1st period - Slapshot by Ronalds Kenins.
7:28 of 1st period - Stopped by Richard Bachman with a rebound.
8:32 of 1st period - Wrist shot by Jimmy Hayes.
8:32 of 1st period - Stopped by Richard Bachman without a rebound.
8:33 of 1st period - James Wright wins face-off versus Kyle Turris in Sewer Rats zone.
8:54 of 1st period - Snap shot by James Wright.
8:54 of 1st period - Shot Hit the Post.
8:56 of 1st period - Slapshot by Zach Trotman.
8:56 of 1st period - Shot Misses the Net.
8:58 of 1st period - Wrist shot by Michael Matheson.
8:58 of 1st period - Deflect By Kyle Turris.
8:58 of 1st period - Stopped by Richard Bachman with a rebound.
9:00 of 1st period - Slapshot by Michael Matheson.
9:00 of 1st period - Stopped by Richard Bachman with a rebound.
9:02 of 1st period - Slapshot by Michael Matheson.
9:02 of 1st period - Deflect By Michael Raffl.
9:02 of 1st period - Shot Misses the Net.
9:02 of 1st period - Puck is out of play.
9:03 of 1st period - Jonathan Marchessault wins face-off versus Cody Bass in Sewer Rats zone.
9:05 of 1st period - Minor Penalty to Zach Boychuk for Holding.
9:06 of 1st period - Ville Leino wins face-off versus Cody Bass in Sewer Rats zone.
9:20 of 1st period - Wrist shot by Cody Bass.
9:20 of 1st period - Shot Misses the Net.
9:22 of 1st period - Slapshot by Justin Falk.
9:22 of 1st period - Stopped by Richard Bachman with a rebound.
11:05 of 1st period - Penalty to Zach Boychuk is over, Zach Boychuk is back on ice.
11:10 of 1st period - Slapshot by A.J. Jenks.
11:10 of 1st period - Shot Blocked by Joel Edmundson.
12:07 of 1st period - Tomas Kundratek is hit by Jonathan Huberdeau.
13:11 of 1st period - Wrist shot by Vincent Trocheck.
13:11 of 1st period - Shot Misses the Net.
13:13 of 1st period - Slapshot by John Ramage.
13:13 of 1st period - Shot Blocked by Tomas Kundratek.
13:15 of 1st period - Wrist shot by Vincent Trocheck.
13:15 of 1st period - Stopped by Magnus Hellberg with a rebound.
13:17 of 1st period - Wrist shot by Vincent Trocheck.
13:17 of 1st period - Shot Misses the Net.
13:19 of 1st period - Backhand shot by Vincent Trocheck.
13:19 of 1st period - Stopped by Magnus Hellberg without a rebound.
13:20 of 1st period - Cody Bass wins face-off versus Mark Mancari in Knights zone.
13:49 of 1st period - Snap shot by Brendan Gaunce.
13:49 of 1st period - Goal by Brendan Gaunce - Knights : 3 - Sewer Rats : 2.
13:50 of 1st period - Kyle Turris wins face-off versus James Wright in neutral zone.
13:52 of 1st period - Off-side.
13:53 of 1st period - James Wright wins face-off versus Ville Leino in neutral zone.
15:11 of 1st period - Snap shot by James Wright.
15:11 of 1st period - Shot Blocked by Steven Kampfer.
15:32 of 1st period - Wrist shot by Josh Bailey.
15:32 of 1st period - Stopped by Richard Bachman with a rebound.
15:48 of 1st period - Zach Boychuk is hit by Jacob Trouba and loses puck.
15:53 of 1st period - Wrist shot by Kevin Hayes.
15:53 of 1st period - Stopped by Richard Bachman without a rebound.
15:54 of 1st period - Brendan Gaunce wins face-off versus Kyle Turris in Sewer Rats zone.
16:19 of 1st period - Mark Mancari is hit by Ronalds Kenins and loses puck.
16:35 of 1st period - Minor Penalty to Ville Leino for Interference.
16:36 of 1st period - Cody Bass wins face-off versus Vincent Trocheck in Sewer Rats zone.
18:16 of 1st period - Steven Kampfer is hit by Justin Falk and loses puck.
18:35 of 1st period - Penalty to Ville Leino is over, Ville Leino is back on ice.
18:41 of 1st period - Jared Boll is hit by Josh Bailey and loses puck.
18:56 of 1st period - Snap shot by Daniel Carr.
18:56 of 1st period - Shot Misses the Net.
18:58 of 1st period - Snap shot by Daniel Carr.
18:58 of 1st period - Goal by Daniel Carr - Knights : 3 - Sewer Rats : 3.
18:59 of 1st period - Brendan Gaunce wins face-off versus Kyle Turris in neutral zone.
19:02 of 1st period - Snap shot by Tomas Kundratek.
19:02 of 1st period - Stopped by Richard Bachman without a rebound.
19:03 of 1st period - Kyle Turris wins face-off versus A.J. Jenks in Sewer Rats zone.
19:36 of 1st period - Snap shot by Cody Bass.
19:36 of 1st period - Shot Blocked by Zach Boychuk.
19:38 of 1st period - Slapshot by Ronalds Kenins.
19:38 of 1st period - Shot Blocked by Jared Boll.
Goals for this period are 3 for Knights vs 3 for Sewer Rats.
Shots for this period are 16 for Knights vs 10 for Sewer Rats.
2nd period
0:01 of 2nd period - Mark Mancari wins face-off versus Cody Bass in neutral zone.
0:13 of 2nd period - Minor Penalty to Jarred Tinordi for Tripping.
0:14 of 2nd period - Ville Leino wins face-off versus Cody Bass in Sewer Rats zone.
0:18 of 2nd period - Wrist shot by Mark Mancari.
0:18 of 2nd period - Deflect By Ville Leino.
0:18 of 2nd period - Shot Blocked by Tomas Kundratek.
0:18 of 2nd period - Puck is out of play.
0:19 of 2nd period - Ville Leino wins face-off versus Cody Bass in Knights zone.
0:26 of 2nd period - Wrist shot by Ville Leino.
0:26 of 2nd period - Shot Misses the Net.
0:34 of 2nd period - Josh Bailey is hit by Ville Leino and loses puck.
2:13 of 2nd period - Penalty to Jarred Tinordi is over, Jarred Tinordi is back on ice.
2:23 of 2nd period - Vincent Trocheck is hit by Jordan Martinook and loses puck.
2:44 of 2nd period - Wrist shot by Vincent Trocheck.
2:44 of 2nd period - Shot Blocked by Linden Vey.
3:04 of 2nd period - Jordan Martinook is hit by Jonathan Huberdeau and loses puck.
3:13 of 2nd period - Joel Edmundson is hit by Michael Matheson and loses puck.
3:20 of 2nd period - Vincent Trocheck is hit by Jordan Martinook and loses puck.
3:27 of 2nd period - Wrist shot by Jonathan Huberdeau.
3:27 of 2nd period - Shot Misses the Net.
3:29 of 2nd period - Snap shot by Jarred Tinordi.
3:29 of 2nd period - Stopped by Magnus Hellberg with a rebound.
3:31 of 2nd period - Slapshot by Jonathan Huberdeau.
3:31 of 2nd period - Shot Blocked by Jaccob Slavin.
3:43 of 2nd period - Snap shot by Jonathan Huberdeau.
3:43 of 2nd period - Stopped by Magnus Hellberg with a rebound.
3:45 of 2nd period - Wrist shot by Vincent Trocheck.
3:45 of 2nd period - Stopped by Magnus Hellberg with a rebound.
3:47 of 2nd period - Wrist shot by Vincent Trocheck.
3:47 of 2nd period - Deflect By Jarred Tinordi.
3:47 of 2nd period - Shot Blocked by Linden Vey.
3:47 of 2nd period - Puck is out of play.
3:48 of 2nd period - Brendan Gaunce wins face-off versus Jonathan Marchessault in Knights zone.
4:06 of 2nd period - Joel Edmundson is hit by A.J. Jenks and loses puck.
4:17 of 2nd period - Joel Edmundson is hit by Justin Falk and loses puck.
5:01 of 2nd period - Off-side.
5:02 of 2nd period - Nick Cousins wins face-off versus Brendan Gaunce in neutral zone.
5:27 of 2nd period - Joel Edmundson is hit by Jimmy Hayes and loses puck.
5:36 of 2nd period - Snap shot by Jimmy Hayes.
5:36 of 2nd period - Goal by Jimmy Hayes - Knights : 4 - Sewer Rats : 3.
5:37 of 2nd period - Cody Bass wins face-off versus Jonathan Marchessault in neutral zone.
5:42 of 2nd period - Wrist shot by Ronalds Kenins.
5:42 of 2nd period - Stopped by Richard Bachman with a rebound.
5:46 of 2nd period - Slapshot by Cody Bass.
5:46 of 2nd period - Shot Misses the Net.
5:48 of 2nd period - Wrist shot by Josh Bailey.
5:48 of 2nd period - Shot Blocked by Steven Kampfer.
5:50 of 2nd period - Wrist shot by Ronalds Kenins.
5:50 of 2nd period - Stopped by Richard Bachman with a rebound.
6:04 of 2nd period - Slapshot by Kevin Hayes.
6:04 of 2nd period - Stopped by Richard Bachman without a rebound.
6:05 of 2nd period - Brendan Gaunce wins face-off versus Ville Leino in Sewer Rats zone.
6:40 of 2nd period - Slapshot by Jonathan Huberdeau.
6:40 of 2nd period - Shot Misses the Net.
7:14 of 2nd period - Slapshot by Tomas Kundratek.
7:14 of 2nd period - Deflect By Jarred Tinordi.
7:14 of 2nd period - Stopped by Richard Bachman with a rebound.
7:16 of 2nd period - Snap shot by Tomas Kundratek.
7:16 of 2nd period - Deflect By Linden Vey.
7:16 of 2nd period - Shot Blocked by Steven Kampfer.
7:16 of 2nd period - Puck is out of play.
7:17 of 2nd period - James Wright wins face-off versus Kyle Turris in Sewer Rats zone.
7:42 of 2nd period - Ronalds Kenins is hit by John Ramage and loses puck.
9:16 of 2nd period - Snap shot by Zach Boychuk.
9:16 of 2nd period - Stopped by Magnus Hellberg with a rebound.
9:54 of 2nd period - Tomas Kundratek is hit by Ville Leino and loses puck.
10:29 of 2nd period - Ronalds Kenins is hit by Jonathan Marchessault and loses puck.
10:54 of 2nd period - Snap shot by Ronalds Kenins.
10:54 of 2nd period - Shot Blocked by Xavier Ouellet.
10:54 of 2nd period - Xavier Ouellet from Sewer Rats is injured at 10:54 of 2nd period (Lacerated Right Calf).
10:55 of 2nd period - Kyle Turris wins face-off versus James Wright in Sewer Rats zone.
11:04 of 2nd period - Slapshot by Jarred Tinordi.
11:04 of 2nd period - Shot Hit the Post.
11:06 of 2nd period - Wrist shot by Ville Leino.
11:06 of 2nd period - Goal by Ville Leino - Knights : 4 - Sewer Rats : 4.
11:07 of 2nd period - James Wright wins face-off versus Kyle Turris in neutral zone.
11:14 of 2nd period - Slapshot by James Wright.
11:14 of 2nd period - Stopped by Richard Bachman with a rebound.
11:16 of 2nd period - Wrist shot by James Wright.
11:16 of 2nd period - Shot Misses the Net.
12:22 of 2nd period - Snap shot by Jonathan Huberdeau.
12:22 of 2nd period - Stopped by Magnus Hellberg without a rebound.
12:23 of 2nd period - James Wright wins face-off versus Vincent Trocheck in Knights zone.
12:51 of 2nd period - Slapshot by Justin Falk.
12:51 of 2nd period - Shot Blocked by Zach Boychuk.
12:53 of 2nd period - Snap shot by Ronalds Kenins.
12:53 of 2nd period - Stopped by Richard Bachman with a rebound.
12:55 of 2nd period - Slapshot by Cody Bass.
12:55 of 2nd period - Stopped by Richard Bachman without a rebound.
12:56 of 2nd period - Kyle Turris wins face-off versus Cody Bass in Sewer Rats zone.
13:03 of 2nd period - Snap shot by Ville Leino.
13:03 of 2nd period - Shot Misses the Net.
13:05 of 2nd period - Wrist shot by Kyle Turris.
13:05 of 2nd period - Shot Blocked by Jaccob Slavin.
13:17 of 2nd period - Wrist shot by Josh Bailey.
13:17 of 2nd period - Stopped by Richard Bachman with a rebound.
13:33 of 2nd period - Snap shot by Ronalds Kenins.
13:33 of 2nd period - Stopped by Richard Bachman with a rebound.
13:41 of 2nd period - Ryan Murphy is hit by Ronalds Kenins and loses puck.
13:46 of 2nd period - Wrist shot by Cody Bass.
13:46 of 2nd period - Stopped by Richard Bachman with a rebound.
14:27 of 2nd period - Slapshot by Jonathan Huberdeau.
14:27 of 2nd period - Shot Misses the Net.
14:37 of 2nd period - Snap shot by Ronalds Kenins.
14:37 of 2nd period - Shot Blocked by Ryan Murphy.
14:39 of 2nd period - Snap shot by Cody Bass.
14:39 of 2nd period - Shot Misses the Net.
14:41 of 2nd period - Snap shot by Josh Bailey.
14:41 of 2nd period - Shot Misses the Net.
14:47 of 2nd period - Wrist shot by Cody Bass.
14:47 of 2nd period - Stopped by Richard Bachman without a rebound.
14:48 of 2nd period - James Wright wins face-off versus Kyle Turris in Sewer Rats zone.
15:38 of 2nd period - Daniel Carr is hit by Michael Raffl and loses puck.
16:02 of 2nd period - Snap shot by James Wright.
16:02 of 2nd period - Deflect By Jimmy Hayes.
16:02 of 2nd period - Shot Misses the Net.
16:02 of 2nd period - Puck is out of play.
16:03 of 2nd period - A.J. Jenks wins face-off versus Kyle Turris in Sewer Rats zone.
16:16 of 2nd period - Snap shot by Kevin Hayes.
16:16 of 2nd period - Shot Misses the Net.
16:18 of 2nd period - Wrist shot by A.J. Jenks.
16:18 of 2nd period - Stopped by Richard Bachman with a rebound.
16:24 of 2nd period - Minor Penalty to John Ramage for Roughing.
16:25 of 2nd period - Michael Raffl wins face-off versus Ville Leino in Sewer Rats zone.
17:28 of 2nd period - Steven Kampfer is hit by Jordan Martinook and loses puck.
17:33 of 2nd period - Slapshot by Brendan Gaunce.
17:33 of 2nd period - Goal by Brendan Gaunce - Knights : 5 - Sewer Rats : 4.
17:34 of 2nd period - Jonathan Marchessault wins face-off versus Brendan Gaunce in neutral zone.
17:37 of 2nd period - Wrist shot by Jared Boll.
17:37 of 2nd period - Shot Misses the Net.
18:24 of 2nd period - Michael Raffl is hit by Jarred Tinordi and loses puck.
19:25 of 2nd period - Minor Penalty to Linden Vey for Tripping.
19:26 of 2nd period - Cody Bass wins face-off versus Jonathan Marchessault in Knights zone.
19:26 of 2nd period - Cody Bass is hit by Jonathan Marchessault.
Goals for this period are 2 for Knights vs 1 for Sewer Rats.
Shots for this period are 14 for Knights vs 6 for Sewer Rats.
3rd period
0:01 of 3rd period - Cody Bass wins face-off versus Kyle Turris in neutral zone.
0:04 of 3rd period - Kyle Turris is hit by Michael Raffl and loses puck.
0:25 of 3rd period - Tomas Kundratek is hit by Jared Boll and loses puck.
0:30 of 3rd period - Snap shot by Zach Boychuk.
0:30 of 3rd period - Shot Misses the Net.
0:32 of 3rd period - Wrist shot by Zach Boychuk.
0:32 of 3rd period - Stopped by Magnus Hellberg with a rebound.
0:34 of 3rd period - Wrist shot by Zach Boychuk.
0:34 of 3rd period - Shot Misses the Net.
1:25 of 3rd period - Penalty to Linden Vey is over, Linden Vey is back on ice.
1:56 of 3rd period - Linden Vey is hit by Dmitrij Jaskin and loses puck.
2:05 of 3rd period - Slapshot by Nick Cousins.
2:05 of 3rd period - Shot Misses the Net.
2:07 of 3rd period - Wrist shot by Daniel Carr.
2:07 of 3rd period - Stopped by Magnus Hellberg with a rebound.
2:09 of 3rd period - Snap shot by Daniel Carr.
2:09 of 3rd period - Shot Misses the Net.
2:24 of 3rd period - Jacob Trouba is hit by Jared Boll and loses puck.
2:47 of 3rd period - Josh Bailey is hit by Nick Cousins and loses puck.
2:52 of 3rd period - Wrist shot by Daniel Carr.
2:52 of 3rd period - Stopped by Magnus Hellberg with a rebound.
3:02 of 3rd period - Jacob Trouba is hit by Mark Mancari.
3:35 of 3rd period - Minor Penalty to Alan Quine for Holding.
3:36 of 3rd period - Cody Bass wins face-off versus Mark Mancari in Knights zone.
3:45 of 3rd period - Snap shot by Kyle Turris.
3:45 of 3rd period - Stopped by Magnus Hellberg without a rebound.
3:46 of 3rd period - Mark Mancari wins face-off versus Cody Bass in Knights zone.
4:05 of 3rd period - Slapshot by Kyle Turris.
4:05 of 3rd period - Stopped by Magnus Hellberg with a rebound.
4:07 of 3rd period - Snap shot by Jarred Tinordi.
4:07 of 3rd period - Shot Blocked by Tomas Kundratek.
4:09 of 3rd period - Snap shot by Kyle Turris.
4:09 of 3rd period - Stopped by Magnus Hellberg with a rebound.
4:31 of 3rd period - Snap shot by Kyle Turris.
4:31 of 3rd period - Deflect By Justin Falk.
4:31 of 3rd period - Stopped by Magnus Hellberg with a rebound.
4:33 of 3rd period - Wrist shot by Kyle Turris.
4:33 of 3rd period - Goal by Kyle Turris - Knights : 5 - Sewer Rats : 5.
4:34 of 3rd period - Jonathan Marchessault wins face-off versus Brendan Gaunce in neutral zone.
4:39 of 3rd period - Slapshot by Zach Boychuk.
4:39 of 3rd period - Shot Misses the Net.
4:59 of 3rd period - Joel Edmundson is hit by Jacob Trouba and loses puck.
5:24 of 3rd period - Snap shot by Mark Mancari.
5:24 of 3rd period - Stopped by Magnus Hellberg with a rebound.
5:26 of 3rd period - Slapshot by Steven Kampfer.
5:26 of 3rd period - Stopped by Magnus Hellberg with a rebound.
6:08 of 3rd period - Snap shot by Zach Boychuk.
6:08 of 3rd period - Shot Misses the Net.
6:13 of 3rd period - Icing by Jacob Trouba.
6:14 of 3rd period - Brendan Gaunce wins face-off versus Kyle Turris in Knights zone.
6:47 of 3rd period - Wrist shot by Kevin Hayes.
6:47 of 3rd period - Shot Blocked by Steven Kampfer.
6:57 of 3rd period - Wrist shot by A.J. Jenks.
6:57 of 3rd period - Stopped by Richard Bachman with a rebound.
6:59 of 3rd period - Slapshot by Zach Trotman.
6:59 of 3rd period - Shot Blocked by Vincent Trocheck.
7:01 of 3rd period - Slapshot by Zach Trotman.
7:01 of 3rd period - Stopped by Richard Bachman with a rebound.
7:03 of 3rd period - Wrist shot by A.J. Jenks.
7:03 of 3rd period - Shot Misses the Net.
7:05 of 3rd period - Snap shot by Brendan Gaunce.
7:05 of 3rd period - Shot Misses the Net.
7:14 of 3rd period - Wrist shot by Kevin Hayes.
7:14 of 3rd period - Stopped by Richard Bachman without a rebound.
7:15 of 3rd period - Kyle Turris wins face-off versus Jimmy Hayes in Sewer Rats zone.
7:31 of 3rd period - Slapshot by Justin Falk.
7:31 of 3rd period - Shot Blocked by Joel Edmundson.
8:28 of 3rd period - Wrist shot by Jonathan Huberdeau.
8:28 of 3rd period - Shot Blocked by Linden Vey.
8:31 of 3rd period - Icing by Michael Matheson.
8:32 of 3rd period - Kyle Turris wins face-off versus Alan Quine in Knights zone.
8:35 of 3rd period - Wrist shot by Kyle Turris.
8:35 of 3rd period - Shot Misses the Net.
9:17 of 3rd period - Snap shot by Alan Quine.
9:17 of 3rd period - Stopped by Richard Bachman without a rebound.
9:18 of 3rd period - Jonathan Marchessault wins face-off versus James Wright in Sewer Rats zone.
9:18 of 3rd period - Jonathan Marchessault is hit by Michael Raffl.
9:30 of 3rd period - Snap shot by Jimmy Hayes.
9:30 of 3rd period - Goal by Jimmy Hayes - Knights : 6 - Sewer Rats : 5.
9:31 of 3rd period - James Wright wins face-off versus Kyle Turris in neutral zone.
9:56 of 3rd period - Jonathan Marchessault is hit by Ronalds Kenins and loses puck.
10:23 of 3rd period - Backhand shot by Vincent Trocheck.
10:23 of 3rd period - Shot Misses the Net.
10:55 of 3rd period - Joel Edmundson is hit by Jordan Martinook and loses puck.
11:00 of 3rd period - Snap shot by Linden Vey.
11:00 of 3rd period - Stopped by Richard Bachman without a rebound.
11:01 of 3rd period - Alan Quine wins face-off versus Kyle Turris in Sewer Rats zone.
11:31 of 3rd period - Linden Vey is hit by Ville Leino and loses puck.
11:40 of 3rd period - Kyle Turris is hit by Linden Vey and loses puck.
11:56 of 3rd period - Icing by Mark Mancari.
11:57 of 3rd period - Kyle Turris wins face-off versus James Wright in Sewer Rats zone.
12:08 of 3rd period - Snap shot by Kyle Turris.
12:08 of 3rd period - Shot Blocked by Jimmy Hayes.
12:10 of 3rd period - Slapshot by Mark Mancari.
12:10 of 3rd period - Shot Blocked by Justin Falk.
12:44 of 3rd period - Michael Raffl is hit by Kyle Turris and loses puck.
13:07 of 3rd period - Wrist shot by Jimmy Hayes.
13:07 of 3rd period - Shot Misses the Net.
13:09 of 3rd period - Minor Penalty to Jarred Tinordi for Hooking.
13:10 of 3rd period - Cody Bass wins face-off versus Zach Boychuk in Sewer Rats zone.
13:43 of 3rd period - Michael Raffl is hit by Joel Edmundson and loses puck.
14:24 of 3rd period - Slapshot by Tomas Kundratek.
14:24 of 3rd period - Deflect By Connor Carrick.
14:24 of 3rd period - Stopped by Richard Bachman without a rebound.
14:25 of 3rd period - Vincent Trocheck wins face-off versus Cody Bass in Sewer Rats zone.
15:09 of 3rd period - Penalty to Jarred Tinordi is over, Jarred Tinordi is back on ice.
15:31 of 3rd period - Snap shot by John Ramage.
15:31 of 3rd period - Shot Blocked by Zach Trotman.
15:33 of 3rd period - Wrist shot by Daniel Carr.
15:33 of 3rd period - Shot Blocked by Linden Vey.
15:35 of 3rd period - Wrist shot by Daniel Carr.
15:35 of 3rd period - Deflect By Jarred Tinordi.
15:35 of 3rd period - Stopped by Magnus Hellberg without a rebound.
15:36 of 3rd period - Vincent Trocheck wins face-off versus Alan Quine in Knights zone.
15:41 of 3rd period - Snap shot by Jonathan Huberdeau.
15:41 of 3rd period - Stopped by Magnus Hellberg with a rebound.
15:43 of 3rd period - Slapshot by Joel Edmundson.
15:43 of 3rd period - Stopped by Magnus Hellberg with a rebound.
16:08 of 3rd period - Slapshot by Cody Bass.
16:08 of 3rd period - Shot Misses the Net.
16:10 of 3rd period - Wrist shot by Cody Bass.
16:10 of 3rd period - Shot Misses the Net.
16:30 of 3rd period - Wrist shot by Jimmy Hayes.
16:30 of 3rd period - Shot Blocked by Vincent Trocheck.
16:32 of 3rd period - Snap shot by James Wright.
16:32 of 3rd period - Stopped by Richard Bachman without a rebound.
16:33 of 3rd period - Ville Leino wins face-off versus Brendan Gaunce in Sewer Rats zone.
16:44 of 3rd period - Wrist shot by Kevin Hayes.
16:44 of 3rd period - Stopped by Richard Bachman without a rebound.
16:45 of 3rd period - Brendan Gaunce wins face-off versus Ville Leino in Sewer Rats zone.
17:12 of 3rd period - James Wright is hit by Jarred Tinordi and loses puck.
17:42 of 3rd period - Icing by Josh Bailey.
17:43 of 3rd period - Cody Bass wins face-off versus Jonathan Huberdeau in Knights zone.
18:07 of 3rd period - Wrist shot by Ronalds Kenins.
18:07 of 3rd period - Shot Misses the Net.
18:09 of 3rd period - Wrist shot by Josh Bailey.
18:09 of 3rd period - Deflect By Cody Bass.
18:09 of 3rd period - Shot Misses the Net.
18:09 of 3rd period - Puck is out of play.
18:10 of 3rd period - Kyle Turris wins face-off versus Brendan Gaunce in Sewer Rats zone.
18:35 of 3rd period - Tomas Kundratek is hit by Jonathan Marchessault and loses puck.
18:42 of 3rd period - Slapshot by Kevin Hayes.
18:42 of 3rd period - Shot Misses the Net.
18:44 of 3rd period - Snap shot by A.J. Jenks.
18:44 of 3rd period - Stopped by Richard Bachman with a rebound.
18:46 of 3rd period - Wrist shot by Kevin Hayes.
18:46 of 3rd period - Stopped by Richard Bachman with a rebound.
18:48 of 3rd period - Snap shot by A.J. Jenks.
18:48 of 3rd period - Shot Misses the Net.
18:50 of 3rd period - Snap shot by Brendan Gaunce.
18:50 of 3rd period - Stopped by Richard Bachman without a rebound.
18:51 of 3rd period - Brent Sutter call a timeout for Sewer Rats.
18:51 of 3rd period - Cody Bass wins face-off versus Kyle Turris in Sewer Rats zone.
19:07 of 3rd period - Minor Penalty to Jarred Tinordi for Roughing.
19:08 of 3rd period - Ville Leino wins face-off versus Cody Bass in Sewer Rats zone.
19:13 of 3rd period - Minor Penalty to Justin Falk for High sticking.
19:14 of 3rd period - Ville Leino wins face-off versus James Wright in Knights zone.
19:14 of 3rd period - Sewer Rats, Richard Bachman is pulled from the net.
19:53 of 3rd period - Snap shot by Ronalds Kenins.
19:53 of 3rd period - Goal by Ronalds Kenins - Knights : 7 - Sewer Rats : 5.
19:53 of 3rd period - Richard Bachman from Sewer Rats was sent back in the game.
19:54 of 3rd period - Ville Leino wins face-off versus Michael Raffl in neutral zone.
Goals for this period are 2 for Knights vs 1 for Sewer Rats.
Shots for this period are 13 for Knights vs 13 for Sewer Rats.
Back to the Top